 Seeded DCSS version 0.30.1-9-gdf580d7c3d (webtiles) character file.

Game seed: 9106806156630997546 (custom seed)

896 Psyclone the Destroyer (level 7, -2/36 HPs)
             Began as a Deep Elf Conjurer on Oct 6, 2023.
             Slain by a gnoll sergeant
             ... wielding a +5 trident
              (6 damage)
             ... on level 5 of the Dungeon.
             The game lasted 00:08:07 (4771 turns).

Psyclone the Destroyer (Deep Elf Conjurer)          Turns: 4771, Time: 00:08:07

Health: -2/36      AC:  4    Str:  4    XL:     7   Next: 79%
Magic:  2/13       EV: 12    Int: 25    God:
Gold:   263        SH:  0    Dex: 13    Spells: 9/12 levels left

rFire   . . .        x - +9 mace of World Downfall {flame, Will+ SInv}
rCold   . . .        (no shield)
rNeg    . . .        a - +0 robe
rPois   .            (no helmet)
rElec   .            (no cloak)
rCorr   .            v - +0 pair of gloves
SInv    +            w - +0 pair of boots
Will    +....        (no amulet)
Stlth   ++           (no ring)
HPRegen 0.26/turn    (no ring)
MPRegen 0.13/turn

%: no passive effects
@: no status effects
A: no striking features
a: no special abilities


You were on level 5 of the Dungeon.
You visited 1 branch of the dungeon, and saw 5 of its levels.
You also visited: Sewer.

You collected 263 gold pieces.

Inventory:

Hand Weapons
 x - the +9 mace of World Downfall (weapon) {flame, Will+ SInv}
   (You found it on level 4 of the Dungeon)

   SInv:      It lets you see invisible.
   Will:      It increases your willpower.
Armour
 a - a +0 robe (worn)
 v - a +0 pair of gloves (worn)
 w - a +0 pair of boots (worn)
Jewellery
 h - a ring of poison resistance
 p - a +5 ring of evasion
 q - a ring of flight
Scrolls
 c - a scroll of teleportation {unknown}
 d - a scroll of blinking {unknown}
 j - 2 scrolls of enchant armour {unknown}
 k - 3 scrolls of poison {unknown}
 o - a scroll of noise {unknown}
 r - a scroll of vulnerability {unknown}
 s - 2 scrolls of identify {unknown}
 t - a scroll of fog {unknown}
 u - a scroll of brand weapon {unknown}
 y - a scroll of fear {unknown}
 C - a scroll of enchant weapon {unknown}
Potions
 b - 2 potions of magic
 e - a potion of berserk rage {unknown}
 f - 5 potions of curing {unknown}
 g - a potion of lignification {unknown}
 i - 5 potions of brilliance {unknown}
 l - 2 potions of attraction {unknown}
 m - 2 potions of might {unknown}
 n - a potion of haste {unknown}
 z - a potion of degeneration {unknown}
 A - a potion of experience {unknown}
 B - a potion of invisibility {unknown}


   Skills:
 - Level 2.4 Dodging
 - Level 2.4 Stealth
 - Level 3.0 Spellcasting
 + Level 10.7 Conjurations


You had 9 spell levels left.
You knew the following spells:

 Your Spells              Type           Power      Damage    Failure   Level
a - Magic Dart            Conj           100%       1d8       1%          1
b - Searing Ray           Conj           100%       2d8       1%          2

Your spell library contained the following spells:

 Spells                   Type           Power      Damage    Failure   Level
 Dazzling Flash           Conj/Hex       60%        N/A       3%          3
 Flame Wave               Conj/Fire      30%        2d9       11%         4
 Fulminant Prism          Conj/Hex       15%        3d10      11%         4
 Iskenderun's Mystic Bla  Conj/Tloc      30%        2d8       11%         4
 Scorch                   Fire           6%         2d5       16%         2
 Summon Cactus Giant      Summ           1%         N/A       100%        6


Dungeon Overview and Level Annotations

Branches:
Dungeon (5/15) Zot: 26371   Sewer (visited)
 Temple: D:4-7

Altars:
Qazlal

Shops:
D:1 =   D:4 [

Annotations:
D:2 1 runed translucent door
D:4 1 runed translucent door, turdburglar's ghost, amateur HOFi


Message History

Press: ? - help, Shift-Dir - straight line, f - gnoll sergeant
Aim: a gnoll sergeant, wielding a +5 trident, wearing a +0 scale mail and wearing a +0 kite shield (heavily wounded, 90% to hit)
The searing ray hits the gnoll sergeant.
The gnoll sergeant is heavily wounded.
The searing ray misses the gnoll. (Press . to maintain the ray.)
The gnoll sergeant hits you from afar with a +5 trident!
You take 8 damage, and have 28/36 hp.
MASSIVE DAMAGE!!
You now have 6/13 mp.
The searing ray hits the gnoll sergeant.
The gnoll sergeant is almost dead.
The searing ray hits the gnoll!
The gnoll is almost dead.
A gnoll comes into view. It is wielding a +0 flail.
The gnoll sergeant hits you from afar with a +5 trident!
You take 11 damage, and have 17/36 hp.
MASSIVE DAMAGE!!
You now have 5/13 mp.
The searing ray hits the gnoll sergeant.
The gnoll sergeant is almost dead.
The searing ray hits the gnoll!
You kill the gnoll!
The gnoll sergeant hits you from afar with a +5 trident!
* * * LOW HITPOINT WARNING * * *
You take 13 damage, and have 4/36 hp.
MASSIVE DAMAGE!!
You now have 4/13 mp.
The searing ray misses the gnoll sergeant.
The searing ray hits the gnoll!
The gnoll is severely wounded.
You finish channelling your searing ray.
The gnoll sergeant completely misses you.
Casting: Searing Ray (safe; 1% risk of failure)
Confirm with . or Enter, or press ? or * to list all spells.
Aiming: Searing Ray (safe; 1% risk of failure)
Press: ? - help, Shift-Dir - straight line, f/p - gnoll sergeant
Aim: a gnoll sergeant, wielding a +5 trident, wearing a +0 scale mail and wearing a +0 kite shield (almost dead, 90% to hit)
The searing ray hits the gnoll sergeant but does no damage.
The gnoll sergeant is almost dead.
The searing ray hits the gnoll.
The gnoll is almost dead. (Press . to maintain the ray.)
A gnoll comes into view. It is wielding a +0 flail.
The gnoll sergeant hits you from afar with a +5 trident.
You die...

#.#.....# #.##.####
#+#.......#
#....####.#
##........#
#..>##.#.#
#.#.##.#.#
#.######.#.##.#.#
#.)gg.@....##.#.###
##g##......##.....#
#......##.#.#.#
#......####.#.#
#......# #.#.#
#......# #.#.#
#......# #.#.#
#......# #.#.#
#.#.#


You could see a gnoll sergeant and 2 gnolls.

Vanquished Creatures
  Sigmund (D:3)
  An ogre (D:4)
  4 kobold brigands (Sewer)
  A scorpion (D:4)
  A howler monkey (D:4)
  Jessica (D:2)
  Natasha (D:3)
  Robin (D:2)
  3 gnolls (D:5)
  5 adders
  5 river rats
  A worm (D:2)
  2 dart slugs
  2 orcs
  10 ball pythons
  5 bats
  5 endoplasms
  4 giant cockroaches
  22 goblins
  2 hobgoblins
  5 jackals
  10 kobolds
  A quokka (D:4)
  5 frilled lizards
  7 rats
105 creatures vanquished.

Notes
Turn   | Place    | Note
-------+----------+-------------------------------------------
     0 | D:1      | Psyclone the Deep Elf Conjurer began the quest for the Orb.
     0 | D:1      | Reached XP level 1. HP: 10/10 MP: 6/6
   299 | D:1      | Reached XP level 2. HP: 15/15 MP: 6/8
   329 | D:1      | Found Cetaas's Jewellery Emporium.
   437 | D:1      | Reached skill level 5 in Conjurations
   697 | D:2      | Noticed Jessica
   700 | D:2      | Killed Jessica
   701 | D:2      | Reached XP level 3. HP: 19/19 MP: 5/9
  1088 | D:2      | Found a stormy altar of Qazlal.
  1181 | D:2      | Reached skill level 6 in Conjurations
  1203 | D:2      | Noticed Robin
  1240 | D:2      | Learned a level 2 spell: Searing Ray
  1353 | D:2      | Killed Robin
  1354 | D:2      | Reached XP level 4. HP: 24/24 MP: 1/10
  1646 | D:2      | Found a runed translucent door.
  1727 | D:3      | Noticed Natasha
  1733 | D:3      | Killed Natasha
  1816 | D:3      | Noticed Sigmund
  1826 | D:3      | Killed Sigmund
  1827 | D:3      | Reached skill level 8 in Conjurations
  1827 | D:3      | Reached XP level 5. HP: 14/28 MP: 6/11
  2027 | D:3      | Reached XP level 6. HP: 32/32 MP: 10/12
  2746 | D:4      | Found a runed translucent door.
  2751 | D:4      | Noticed turdburglar's ghost (amateur HOFi)
  2867 | D:4      | Found Haiphupu's Antique Armour Emporium.
  3201 | D:4      | Reached skill level 9 in Conjurations
  3204 | D:4      | Identified the +9 mace of World Downfall {flame, Will+
                  | SInv}
  3376 | D:5      | Entered Level 5 of the Dungeon
  3487 | D:5      | Found a glowing drain.
  3496 | D:5      | Reached XP level 7. HP: 36/36 MP: 7/13
  3579 | Sewer    | Entered a sewer
  3834 | Sewer    | Reached skill level 10 in Conjurations
  4771 | D:5      | Slain by a gnoll sergeant

Illustrated notes

Levels and vault maps discovered:
D:1:      onia_arrival_mini_spirals, layout_loops_ring, serial_shops, shop
D:2:      layout_rooms, basic_altar, reono_crystal_passage, minmay_tetromino_l2,
          uniq_robin, uniq_jessica, uniq_crazy_yiuf_cottage
D:3:      layout_loops_ring, uniq_sigmund, uniq_natasha
D:4:      layout_rooms, ebering_ghost_sewer_d, nicolae_take_the_stairs,
          grunt_ministairs_6, ebering_dispersal_statue_hall,
          minmay_ogre_servants
D:5:      nicolae_cairo_tiling_large, layout_basic, slow_altar_2,
          minmay_temple_entry_junction_2, portal_sewer_entry_b

Skill      XL: |  1  2  3  4  5  6  7 |
---------------+----------------------+-----
Conjurations   | 5 6 8 9 10 | 10.7
Dodging        | |  2.4
Stealth        | |  2.4
Spellcasting   | |  3.0

Action                     |  1- 3 |  4- 6 |  7- 9 || total
---------------------------+-------+-------+-------++-------
  Melee: Unarmed           |       |    11 |       ||    11
         Mace              |       |       |    15 ||    15
   Cast: Magic Dart        |    56 |    47 |    42 ||   145
         Searing Ray       |     1 |    10 |    13 ||    24
 Armour: Robe              |     3 |     2 |     6 ||    11
  Dodge: Dodged            |     5 |     4 |    14 ||    23
